 Dungeon Crawl Stone Soup version 0.30.2 (webtiles) character file.

Game seed: 5771826287710116163

861 Ashen the Chiller (level 8, -5/75 HPs)
             Began as an Ogre Ice Elementalist on Jan 19, 2024.
             Slain by a wyvern (18 damage)
             ... on level 6 of the Dungeon.
             The game lasted 00:12:15 (6221 turns).

Ashen the Chiller (Ogre Ice Elementalist)           Turns: 6221, Time: 00:12:15

Health: -5/75      AC:  3    Str: 13    XL:     8   Next: 2%
Magic:  15/15      EV: 10    Int: 18    God:
Gold:   257        SH:  0    Dex:  9    Spells: 6/17 levels left

rFire   . . .        u - +0 hand axe (venom)
rCold   . . .        (no shield)
rNeg    . . .        a - +0 robe
rPois   .            (helmet restricted)
rElec   .            (no cloak)
rCorr   .            (gloves unavailable)
SInv    .            (boots unavailable)
Will    .....        (no amulet)
Stlth   ++           (no ring)
HPRegen 0.32/turn    (no ring)
MPRegen 0.14/turn

%: no passive effects
@: hasted, studying Evocations, very quick
A: large, unfitting armour, tough skin 1
a: no special abilities


You were on level 6 of the Dungeon.
You visited 1 branch of the dungeon, and saw 6 of its levels.

You collected 257 gold pieces.

Inventory:

Hand Weapons
 j - a +0 club
 u - a +0 hand axe of venom (weapon)
 B - a +0 giant club
Missiles
 y - a throwing net
Armour
 a - a +0 robe (worn)
Jewellery
 k - a ring of wizardry
Wands
 x - a wand of flame (5)
Scrolls
 d - a scroll of fog {unknown}
 f - 6 scrolls of identify {unknown}
 h - 3 scrolls of teleportation {unknown}
 i - 2 scrolls of poison {unknown}
 n - 2 scrolls of vulnerability {unknown}
 p - a scroll of enchant weapon {unknown}
 s - a scroll of magic mapping {unknown}
 t - 3 scrolls of enchant armour {unknown}
 v - 2 scrolls of silence {unknown}
 A - a scroll of butterflies {unknown}
Potions
 b - 3 potions of magic
 c - a potion of lignification {unknown}
 e - 4 potions of heal wounds {unknown}
 g - 2 potions of cancellation {unknown}
 l - 2 potions of degeneration {unknown}
 m - 2 potions of mutation {unknown}
 o - a potion of might {unknown}
 q - 2 potions of brilliance {unknown}
 r - a potion of curing {unknown}
 w - a potion of berserk rage {unknown}
 z - a potion of flight {unknown}


   Skills:
 + Level 3.4 Fighting
 + Level 2.1 Maces & Flails
 + Level 3.4 Dodging
 + Level 2.9 Stealth
 * Level 5.3 Spellcasting
 * Level 5.4 Ice Magic


You had 6 spell levels left.
You knew the following spells:

 Your Spells              Type           Power      Damage    Failure   Level
a - Freeze                Ice            96%        1d10      1%          1
b - Frozen Ramparts       Ice            48%        1d8       4%          3
c - Ozocubu's Armour      Ice            24%        N/A       4%          3
d - Summon Ice Beast      Ice/Summ       14%        N/A       38%         4

Your spell library contained the following spells:

 Spells                   Type           Power      Damage    Failure   Level
 Beastly Appendage        Tmut           8%         N/A       13%         1
 Summon Small Mammal      Summ           16%        N/A       13%         1
 Hailstorm                Conj/Ice       14%        3d5       13%         3
 Wereblood                Tmut           4%         N/A       21%         2
 Call Canine Familiar     Summ           4%         N/A       36%         3
 Portal Projectile        Hex/Tloc       8%         N/A       36%         3
 Spider Form              Tmut/Pois      4%         N/A       36%         3
 Summon Guardian Golem    Hex/Summ       4%         N/A       36%         3
 Leda's Liquefaction      Hex/Erth       2%         N/A       78%         4


Dungeon Overview and Level Annotations

Branches:
Dungeon (6/15)
 Temple: D:4-7

Altars:
Ashenzari
Kikubaaqudgha
Qazlal
Trog
Uskayaw

Annotations:
D:2 Terence
D:3 Sigmund


Innate Abilities, Weirdness & Mutations

You are too large for most types of armour.
You have tough skin. (AC +1)


Message History

Found a leather armour.
Found a robe.
There is a stone staircase leading up here.
A phantom comes into view.
You hit the orc.
The orc is poisoned.
The orc is heavily wounded.
The orc hits you with a +0 club.
You hit the orc.
You kill the orc!
The orc barely misses you.
You barely miss the orc. The orc misses you.
You hit the orc.
The orc is poisoned.
You punch the orc.
The orc is almost dead.
The orc hits you with a +0 short sword.
You kill the orc!
You climb upwards.
There is a stone staircase leading down here.
HP restored.
Items here: )) [[.
You see here a +0 club.
Items here: ( ))) [.
There is a stone staircase leading down here.
You climb downwards.
There is a stone staircase leading up here.
An orc warrior and an orc come into view.
Found a sling.
An orc comes into view. It is wielding a +0 club.
The orc warrior shouts!
The orc shouts!
The orc shouts!
The wyvern hisses angrily.
The wyvern attacks as you move away! The wyvern bites you!
The orc warrior hits you with a +0 mace!
The wyvern bites you! The wyvern attacks as you move away!
The wyvern bites you! The wyvern bites you!
* * * LOW HITPOINT WARNING * * *
You feel yourself speed up. The wyvern barely misses you. The wyvern bites you.
* * * LOW HITPOINT WARNING * * *
There is a stone staircase leading up here.
The wyvern bites you!!
You die...

#####.##W.#####.#
.......<#.# #.#
#########.#####.##
[..........>o...
#######.###.####
########
#.#.......
#.o....#
#.#.#..##.
##+#o####.#
#.#....##.
#...o#@l#.#
#/##...##.
#....#....#
#.##......
#....###### #.
#..###. #.....
#...... #.)...
#..###. #######
#..###. #...#<.
#...### #......


You could see a wyvern.

Vanquished Creatures
  A water moccasin (D:5)
  An ice beast (D:5)
  A black bear (D:5)
  An ogre (D:5)
  A scorpion (D:3)
  A vampire bat (D:4)
  2 orc priests (D:5)
  A sleepcap (D:3)
  An iguana (D:5)
  Ijyb (D:5)
  An orc wizard (D:5)
  6 adders
  3 gnolls (D:5)
  3 worms
  6 dart slugs
  19 orcs
  5 ball pythons
  4 bats
  3 bat skeletons (D:4)
  3 bat zombies (D:4)
  6 endoplasms
  3 giant cockroaches
  8 goblins
  11 hobgoblins
  2 jackals (D:2)
  4 quokkas
  3 frilled lizards
  5 kobolds
  12 rats
118 creatures vanquished.

Notes
Turn   | Place    | Note
-------+----------+-------------------------------------------
     0 | D:1      | Ashen the Ogre Ice Elementalist began the quest for the
                  | Orb.
     0 | D:1      | Reached XP level 1. HP: 16/16 MP: 3/3
   128 | D:1      | Reached XP level 2. HP: 24/24 MP: 0/5
   439 | D:1      | Reached XP level 3. HP: 16/31 MP: 1/7
   882 | D:1      | Found a faded altar of an unknown god.
  1163 | D:2      | Reached XP level 4. HP: 35/39 MP: 4/8
  1477 | D:2      | Identified the +7 short sword "Trog's Hatred" {drain, rPois
                  | rF++ Str-3 Dex+3}
  1490 | D:2      | Noticed Terence
  1651 | D:2      | Reached skill level 1 in Fighting
  1677 | D:1      | Learned a level 3 spell: Frozen Ramparts
  1681 | D:1      | Learned a level 3 spell: Ozocubu's Armour
  2398 | D:3      | Reached XP level 5. HP: 38/48 MP: 4/10
  2926 | D:3      | Noticed Sigmund
  3289 | D:3      | Reached XP level 6. HP: 49/57 MP: 8/11
  3310 | D:3      | Reached skill level 1 in Maces & Flails
  3523 | D:4      | Learned a level 4 spell: Summon Ice Beast
  3709 | D:4      | Found a hide-covered altar of Uskayaw.
  3923 | D:4      | Found an ancient bone altar of Kikubaaqudgha.
  4108 | D:4      | Found a broken altar of Ashenzari.
  4243 | D:5      | Entered Level 5 of the Dungeon
  4247 | D:5      | Noticed a water moccasin
  4251 | D:5      | Killed a water moccasin
  4331 | D:5      | Noticed Ijyb
  4341 | D:5      | Killed Ijyb
  4342 | D:5      | Reached XP level 7. HP: 43/66 MP: 13/13
  4660 | D:5      | Found a stormy altar of Qazlal.
  4660 | D:5      | Found a bloodstained altar of Trog.
  4825 | D:5      | Reached skill level 5 in Ice Magic
  5413 | D:5      | Reached skill level 5 in Spellcasting
  5560 | D:5      | Reached XP level 8. HP: 11/75 MP: 15/15
  6011 | D:6      | Noticed a wyvern
  6221 | D:6      | Slain by a wyvern

Illustrated notes

Levels and vault maps discovered:
D:1:      lemuel_arrival_funnel, layout_rooms, basic_ecumenical_altar
D:2:      layout_loops_ring, minmay_misc_feat_tiny, uniq_terence
D:3:      layout_loops_corners, serial_aquarium, aquarium_bridge_island_small
          [aquarium_subvault_small_open, aquarium_subvault_wall,
          aquarium_subvault_bridge, aquarium_subvault_window,
          aquarium_subvault_bridge], aquarium_window_1, aquarium_window_fake,
          aquarium_window_fake, aquarium_view_2e, aquarium_pool_side,
          uniq_sigmund
D:4:      layout_loops_ring, kennysheep_vampire_church,
          ashenzari_conservatory_becter, eat_drink_and_be_merry_uskayaw
D:5:      layout_basic, gammafunk_temple_overflow_wave, uniq_ijyb
D:6:      layout_basic, minmay_misc_feat_more_columns, uniq_menkaure,
          uniq_maggie, uniq_crazy_yiuf_cottage

Skill      XL: |  1  2  3  4  5  6  7 |
---------------+----------------------+-----
Dodging        | 2 3 |  3.4
Spellcasting   | 3 4 5 |  5.3
Ice Magic      | 4 5 |  5.4
Stealth        | 2 |  2.9
Fighting       | 1 2 3 |  3.4
Maces & Flails | 1 2 |  2.1

Action                     |  1- 3 |  4- 6 |  7- 9 || total
---------------------------+-------+-------+-------++-------
  Melee: Unarmed           |    39 |       |       ||    39
         Club              |     1 |    64 |       ||    65
         Punch             |     1 |     5 |     2 ||     8
         Hand axe          |       |    52 |    80 ||   132
   Cast: Freeze            |    55 |    70 |     3 ||   128
         Frozen Ramparts   |       |     4 |     2 ||     6
         Ozocubu's Armour  |       |     2 |     3 ||     5
  Evoke: Wand              |       |       |     5 ||     5
    Use: Potion            |       |       |     1 ||     1
   Stab: Sleeping          |     2 |     9 |       ||    11
 Armour: Robe              |    26 |    68 |    28 ||   122
  Dodge: Dodged            |    35 |   109 |    46 ||   190
